 Dungeon Crawl Stone Soup version 0.29-a0-542-g075992c915 (webtiles) character file.

Game seed: 5526790133576646614

1 camdon the Skirmisher (level 1, -2/14 HPs)
             Began as a Gargoyle Berserker on June 4, 2022.
             Was a Follower of Trog.
             Slain by a dart slug (3 damage)
             ... on level 1 of the Dungeon.
             The game lasted 00:00:44 (66 turns).

camdon the Skirmisher (Gargoyle Berserker)            Turns: 66, Time: 00:00:44

Health: -2/14      AC:  4    Str: 20    XL:     1   Next: 20%
Magic:  1/1        EV: 12    Int:  7    God:    Trog [*.....]
Gold:   0          SH:  0    Dex:  9    Spells: 0/0 levels left

rFire   . . .      SeeInvis .   a - +0 falchion
rCold   . . .      Faith    .   (no shield)
rNeg    + . .      Spirit   .   b - +0 animal skin
rPois   ∞          Reflect  .   (no helmet)
rElec   +          Harm     .   (no cloak)
rCorr   .          Rampage  .   (no gloves)
Will    .....                   (no boots)
Stlth   +.........              (no amulet)
HPRegen 0.04/turn               (no ring)
MPRegen 0.07/turn               (no ring)

@: no status effects
A: sickness immunity, AC +2, negative energy resistance 1, electricity
resistance, torment resistance 1, petrification resistance
a: Renounce Religion, Berserk


You were on level 1 of the Dungeon.
You worshipped Trog.
Trog was aware of your devotion.
You visited 1 branch of the dungeon, and saw 1 of its levels.

Inventory:

Hand Weapons
 a - a +0 falchion (weapon)
Armour
 b - a +0 animal skin (worn)


   Skills:
 + Level 3.2 Fighting
 + Level 2.6 Long Blades
 + Level 2.1 Armour
 + Level 1.7 Dodging


You couldn't memorise any spells.
You didn't know any spells.
Your spell library was empty.

Dungeon Overview and Level Annotations

Branches:
Dungeon (1/15)

Altars:


Innate Abilities, Weirdness & Mutations

You are immune to sickness and miasma.
Your stone body is resilient. (AC +2)
You are immune to poison.
You resist negative energy. (rN+)
You are resistant to electric shocks. (rElec)
You are resistant to unholy torment.
You are immune to petrification.


Message History

The dart slug barely misses you.
You closely miss the kobold. Your punch misses the kobold.
The ball python barely misses you. The ball python constricts you.
The kobold hits you but does no damage. The ball python bites you.
* * * LOW HITPOINT WARNING * * *
The ball python constricts you.
The dart slug bites you but does no damage.
You hit the kobold.
You kill the kobold!
Trog accepts your kill. The ball python bites you.
* * * LOW HITPOINT WARNING * * *
The ball python constricts you.
You hit the dart slug.
The dart slug is moderately wounded.
The ball python closely misses you. The ball python constricts you.
The dart slug closely misses you. The ball python barely misses you.
The ball python constricts you.
* * * LOW HITPOINT WARNING * * *
You closely miss the ball python.
The ball python bites you but does no damage.
The ball python constricts you. The dart slug closely misses you.
You hit the ball python.
You kill the ball python!
Trog accepts your kill. The dart slug launches a dart at you.
The slug dart hits you but does no damage.
Things that are here:
a +0 short sword; a kobold corpse You hit the dart slug.
The dart slug is moderately wounded.
The dart slug bites you.
* * * LOW HITPOINT WARNING * * *
You hit the dart slug.
The dart slug is severely wounded.
The dart slug bites you but does no damage.
You hit the dart slug but do no damage.
The dart slug is severely wounded.
The dart slug bites you.
You die...

§§# §# #########
.........
........#
........#
........#
........#
......†@# ..#
......w.# ..#
........#######
..### #
..............##
...####
...##########..##
...... ##
##..###.####
##...#.####
###.......
########


You could see a dart slug.

Vanquished Creatures
  A ball python (D:1)
  A kobold (D:1)
2 creatures vanquished.

Notes
Turn   | Place    | Note
-------+----------+-------------------------------------------
     0 | D:1      | camdon the Gargoyle Berserker began the quest for the Orb.
     0 | D:1      | Reached XP level 1. HP: 14/14 MP: 1/1
    66 | D:1      | Slain by a dart slug

Illustrated notes

Levels and vault maps discovered:
D:1:      heliophobic_arrival_dark_side_of_the_moon, layout_basic,
          shapermc_ecumenical_altar_pompeii

Action                   || total
-------------------------++-------
Melee: Falchion          ||    12
Armor: Animal skin       ||     9
Dodge: Dodged            ||    15

Table legend: (Time is in decaauts)
 A = Elapsed time spent in this place.
 B = Non-inter-level travel time spent in this place.
 C = Inter-level travel time spent in this place.
 D = Time resting spent in this place.
 E = Time spent auto-exploring this place.
 F = Levels seen in this place.
 G = Mean time per level.
                   A        B        C        D        E       F      G
               +--------+--------+--------+--------+--------+-----+--------+
         Total |     67 |     22 |     45 |      0 |      0 |   1 |   67.0 |
       Dungeon |     67 |     22 |     45 |      0 |      0 |   1 |   67.0 |
               +--------+--------+--------+--------+--------+-----+--------+

Top non-repeatable levels by time:
     D:1: 67 daAuts
